 Dungeon Crawl Stone Soup version 0.25-a0-578-gc91f01c (webtiles) character file.

Game seed: 13270441616760025941, levelgen mode: deterministic

117251 Faca the Whirler (level 17, -8/117 HPs)
             Began as a Halfling Hunter on Mar 5, 2020.
             Was the Champion of Okawaru.
             Mangled by Donald
             ... wielding a +1 broad axe of freezing
              (30 damage)
             ... on level 1 of the Spider Nest on Mar 6, 2020.
             The game lasted 01:48:39 (40851 turns).

Faca the Whirler (Halfling Hunter)                 Turns: 40851, Time: 01:48:40

Health: -8/117     AC: 22    Str: 18      XL:     17   Next: 28%
Magic:  24/24      EV: 18    Int:  7 (9)  God:    Okawaru [******]
Gold:   1728       SH:  8    Dex: 17      Spells: 16/16 levels left

rFire    + . .     SeeInvis +   r - +7 scimitar of Innocence {freeze, *Corrode rPois rC+}
rCold    + + .     Gourm    .   P - +0 buckler
rNeg     . . .     Faith    .   Q - +4 chain mail of Esoisyqa {Regen+ Slay+3}
rPois    +         Spirit   .   E - +1 helmet {SInv}
rElec    .         Reflect  .   a - scarf {rC+ rF+}
rCorr    +         Harm     .   K - +0 pair of gloves
MR       +....                  w - +0 pair of boots
Stlth    ..........             (no amulet)
HPRegen  0.69/turn              z - ring of resist corrosion
MPRegen  0.19/turn              g - +2 ring of evasion

@: no status effects
A: small, mutation resistance 1
a: Heroism, Finesse, Renounce Religion


You were on level 1 of the Spider Nest.
You worshipped Okawaru.
Okawaru was exalted by your worship.
You were very hungry.

You visited 5 branches of the dungeon, and saw 25 of its levels.
You also visited: Ossuary.

You collected 2341 gold pieces.
You spent 613 gold pieces at shops.

Inventory:

Hand Weapons
 r - the +7 scimitar of Innocence (weapon) {freeze, *Corrode rPois rC+}
   (You bought it in a shop on level 5 of the Dungeon)

   It has been specially enchanted to freeze those struck by it, causing extra
   injury to most foes and up to half again as much damage against particularly
   susceptible opponents.
   It can also slow down cold-blooded creatures.
   It protects you from cold.
   It protects you from poison.
   It may corrode you when you take damage.
 D - the +3 short sword of the Land of Plenty {venom, MP+9}
   (You found it on level 6 of the Dungeon)

   It poisons the flesh of those it strikes.
   It affects your magic capacity (+9).
 J - a +0 fustibalus
Missiles
 d - 413 sling bullets
 e - 654 stones (quivered)
 q - 16 curare-tipped darts
Armour
 a - a scarf of resistance (worn)
 w - a +0 pair of boots (worn)
 y - a +0 kite shield
 E - a +1 helmet of see invisible (worn)
 K - a +0 pair of gloves (worn)
 P - a +0 buckler (worn)
 Q - the +4 chain mail of Esoisyqa (worn) {Regen+ Slay+3}
   (Okawaru gifted it to you on level 6 of the Lair of Beasts)

   It affects your accuracy and damage with ranged weapons and melee attacks
   (+3).
   It increases your rate of regeneration.
   If you remove this armour, your AC will decrease by 17 (22 -> 5).
Jewellery
 g - a +2 ring of evasion (right hand)
 s - an uncursed ring of protection from fire
 z - a ring of resist corrosion (left hand)
Wands
 p - a wand of iceblast (54)
 u - a wand of disintegration (18)
 G - a wand of digging (5)
 H - a wand of paralysis (22)
Scrolls
 b - 6 scrolls of enchant armour
 c - 2 scrolls of enchant weapon
 l - 3 scrolls of magic mapping
 m - 3 scrolls of teleportation
 n - 12 scrolls of remove curse
 A - 4 scrolls of immolation
 B - a scroll of blinking
 F - 2 scrolls of holy word
 L - a scroll of fog
 O - 2 scrolls of fear
 S - a scroll of identify
 T - a scroll of brand weapon {unknown}
 V - a scroll of silence
Potions
 h - 2 potions of resistance
 i - 5 potions of cancellation
 j - 3 potions of stabbing
 k - 4 potions of might
 o - 4 potions of haste
 t - a potion of invisibility
 x - 5 potions of flight
 C - a potion of berserk rage
 I - 2 potions of mutation
 M - a potion of curing
 N - 4 potions of brilliance
 R - a potion of heal wounds
Comestibles
 f - 21 rations


   Skills:
 + Level 10.8 Fighting
 - Level 16.0 Short Blades
 + Level 17.2 Slings
 + Level 13.4 Armour
 + Level 10.7 Dodging
 - Level 1.1 Stealth
 + Level 10.2 Shields
 - Level 10.0 Invocations


You had 16 spell levels left.
You didn't know any spells.
Your spell library contained the following spells:

 Spells                   Type           Power        Failure   Level  Hunger
 Animate Skeleton         Necr           N/A          97%         1    ##.....
 Corona                   Hex            #......      97%         1    ##.....
 Foxfire                  Conj/Fire      #...         97%         1    ##.....
 Freeze                   Ice            #...         97%         1    ##.....
 Pain                     Necr           #...         97%         1    ##.....
 Blink                    Tloc           N/A          99%         2    ###....
 Ensorcelled Hibernation  Hex/Ice        #.....       99%         2    ###....
 Shroud of Golubria       Chrm/Tloc      #.....       99%         2    ###....
 Confusing Touch          Hex            #.......     100%        3    ####...
 Conjure Flame            Conj/Fire      #.......     100%        3    ####...
 Dazzling Flash           Conj/Hex       #.....       100%        3    ####...
 Frozen Ramparts          Ice            #.....       100%        3    ####...
 Gell's Gravitas          Tloc           #.........   100%        3    ####...
 Ignite Poison            Fire/Tmut/Pois #.......     100%        3    ####...
 Inner Flame              Hex/Fire       #.......     100%        3    ####...
 Lesser Beckoning         Tloc           #.........   100%        3    ####...
 Ozocubu's Armour         Chrm/Ice       #.......     100%        3    ####...
 Teleport Other           Tloc           #.......     100%        3    ####...
 Tukima's Dance           Hex            #.......     100%        3    ####...
 Vampiric Draining        Necr           #.........   100%        3    ####...
 Animate Dead             Necr           N/A          100%        4    #####..
 Hailstorm                Conj/Ice       #.......     100%        4    #####..
 Passage of Golubria      Tloc           N/A          100%        4    #####..
 Sticky Flame             Conj/Fire      #.......     100%        4    #####..
 Summon Ice Beast         Ice/Summ       #.......     100%        4    #####..
 Agony                    Necr           #.......     100%        5    ######.
 Fireball                 Conj/Fire      #.........   100%        5    ######.
 Starburst                Conj/Fire      #.........   100%        6    #######
 Malign Gateway           Summ/Tloc      #.........   100%        7    #######
 Monstrous Menagerie      Summ           #.........   100%        7    #######
 Ring of Flames           Chrm/Fire      #.........   100%        7    #######
 Summon Greater Demon     Summ           #.........   100%        7    #######
 Ignition                 Fire           #.........   100%        8    #######
 Summon Horrible Things   Summ           #.........   100%        8    #######


Dungeon Overview and Level Annotations

Branches:
Dungeon (15/15)            Temple (1/1) D:6            Lair (6/6) D:10
 Shoals (0/4) Lair:4       Spider (1/4) Lair:3        Slime (0/5) Lair:6
    Orc (2/2) D:10            Elf (0/3) Orc:2        Vaults (0/5) D:13
 Depths (0/5) D:15        Ossuary (visited)

Altars:
Ashenzari
Cheibriados
Dithmenos
Elyvilon
Fedhas
Gozag
Hepliaklqana
Kikubaaqudgha
Makhleb
Nemelex Xobeh
Okawaru
Qazlal
Ru
Sif Muna
Trog
Uskayaw
Wu Jian
Xom
Yredelemnul
Zin
The Shining One

Shops:
D:5 (   D:9 *   D:10 *   Orc:1 *   Orc:2 *%:(

Annotations:
Lair:4 exclusion: 2 oklob plants
Lair:6 exclusion: oklob plant
Spider:1 2 runed translucent doors, Donald; Papr's ghost, journeyman DDNe


Innate Abilities, Weirdness & Mutations

You are small and have problems with some larger weapons.
You are somewhat resistant to further mutation.


Message History

The floor, spattered with blood.
Unknown command.
Donald blocks your attack.
Donald is heavily wounded.
Donald hits you with a +1 broad axe of freezing.
You hit Donald. You freeze Donald.
Donald is heavily wounded.
Donald hits you but does no damage.
You hit Donald. You freeze Donald.
Donald is severely wounded.
Donald hits you but does no damage.
You slash Donald! You freeze Donald.
Donald is severely wounded.
You block Donald's attack.
Donald hits you with a +1 broad axe of freezing!!
* * * LOW HITPOINT WARNING * * *
You hit Donald but do no damage.
Donald is severely wounded.
Donald hits you with a +1 broad axe of freezing!!
You die...

...# #### #..### #^.##
.....#### #...#
........## ##..##
.........## #^..##
####......# ###....##
##.##.#...######.#.....##
#.^.###....##.##.^.#....#
...##^.†..##....@@##..###
...##......##.....#....#
#...###.........###...##
#....##..........#....#
###†..#...##.....#@...#
....###..#########....#
.....##### #..^.# †...##
#....# ...##


You could see Donald.

Vanquished Creatures
  Agnes (Spider:1)
  A ghost moth (Spider:1)
  An emperor scorpion (Spider:1)
  An entropy weaver (Spider:1)
  Azrael (D:12)
  An ettin (Orc:1)
  Josephine (D:9)
  3 ogre magi
  6 hydras
  A catoblepas (Lair:6)
  A yaktaur captain (D:13)
  A death knight (D:14)
  15 two-headed ogres
  2 tengu warriors (D:14)
  4 centaur warriors
  Urug (Orc:2)
  17 death yaks
  2 orc high priests (Orc:2)
  A deep troll shaman (Lair:6)
  Sonja (Lair:2)
  8 skeletal warriors
  2 deep trolls (Orc:1)
  An unseen horror (D:14)
  A glowing orange brain (D:15)
  A swamp dragon (shapeshifter) (D:15)
  3 orc knights
  3 orc sorcerers
  7 ugly things
  2 harpies (shapeshifter) (D:15)
  2 orb spiders (Spider:1)
  3 cyclopes
  4 deep elf magi
  8 wolf spiders (Spider:1)
  5 manticores
  9 elephants
  A merfolk siren (Lair:4)
  A centaur zombie (D:15)
  4 black mambas
  A gargoyle (D:13)
  The ghost of MinDuChiJDG the Basher, a novice MiBe of Trog (D:4)
  10 spiny frogs
  2 yaktaurs (D:13)
  3 orange demons (D:15)
  7 komodo dragons
  A komodo dragon (shapeshifter) (D:15)
  3 demonic crawlers (Spider:1)
  2 ice devils (Lair:4)
  A meliai (shapeshifter) (D:15)
  19 trolls
  4 polar bears
  7 jumping spiders (Spider:1)
  10 blink frogs
  A blink frog (shapeshifter) (D:14)
  A hornet (D:13)
  5 slime creatures (D:15)
  4 dream sheep (Lair:4)
  7 hippogriffs
  Sigmund (D:3)
  23 redbacks (Spider:1)
  4 wraiths
  A shadow (D:15)
  5 tarantellas (Spider:1)
  30 yaks
  5 fire elementals (D:12)
  A steam dragon (D:10)
  3 basilisks
  Menkaure (D:6)
  A swamp worm (shapeshifter) (D:15)
  2 wargs
  2 hungry ghosts
  11 vampire mosquitoes
  A redback simulacrum (D:14)
  An acid dragon (D:15)
  A soldier ant (shapeshifter) (D:15)
  A hell hound (D:12)
  12 water moccasins
  9 porcupines
  4 sky beasts
  4 ice beasts
  22 orc warriors
  4 phantoms
  3 black bears
  A necrophage (D:7)
  34 ogres
  17 wolves
  9 centaurs
  16 crocodiles
  A big kobold (D:10)
  19 bullfrogs
  6 scorpions
  4 killer bees (D:9)
  7 wights
  A vampire bat (Lair:1)
  5 crimson imps
  2 bullfrog zombies (D:12)
  An iron imp (D:9)
  8 hounds
  6 jellies
  20 orc wizards
  4 centaur skeletons
  10 orc priests
  3 bullfrog skeletons
  5 iguanas
  Ijyb (D:3)
  12 worker ants
  A killer bee zombie (D:5)
  4 big kobold zombies (Ossuary)
  2 hound zombies
  2 hound skeletons
  2 mummies (Ossuary)
  Robin (D:2)
  A worker ant zombie (D:9)
  13 adders
  7 gnolls
  2 shadow imps
  6 oozes
  An adder skeleton (D:5)
  2 adder zombies (D:4)
  3 worms
  2 dart slugs (D:1)
  6 leopard geckos
  99 orcs
  3 giant cockroaches
  A gnoll zombie (Ossuary)
  13 goblins
  17 hobgoblins
  11 jackals
  6 quokkas
  A ball python skeleton (D:4)
  17 bats
  11 frilled lizards
  2 goblin zombies (Ossuary)
  A hobgoblin zombie (Ossuary)
  11 kobolds
  A leopard gecko skeleton (D:8)
  6 orc zombies (Ossuary)
  8 rats
  A plant (Lair:6)
824 creatures vanquished.

Vanquished Creatures (others)
  A phantasmal warrior (D:12)
  An ugly thing (D:12)
  A shadow (D:12)
  A soldier ant (D:12)
  An eye of draining (shapeshifter) (D:12)
  A bullfrog zombie (D:12)
  An orc wizard (D:15)
  8 fungi
  4 plants (Lair:6)
19 creatures vanquished.

Grand Total: 843 creatures vanquished

Notes
Turn   | Place    | Note
-------+----------+-------------------------------------------
     0 | D:1      | Faca the Halfling Hunter began the quest for the Orb.
     0 | D:1      | Reached XP level 1. HP: 14/14 MP: 1/1
   139 | D:1      | Reached skill level 6 in Slings
   179 | D:1      | Reached XP level 2. HP: 16/19 MP: 2/2
   185 | D:1      | Reached skill level 1 in Short Blades
   663 | D:1      | Reached XP level 3. HP: 22/24 MP: 3/3
  1082 | D:2      | Found a blossoming altar of Fedhas.
  1587 | D:2      | Reached XP level 4. HP: 8/30 MP: 4/4
  2316 | D:2      | Found a stormy altar of Qazlal.
  2374 | D:2      | Reached XP level 5. HP: 36/36 MP: 5/5
  2605 | D:3      | Noticed Robin
  2680 | D:3      | Noticed Sigmund
  2727 | D:3      | Reached skill level 7 in Slings
  2865 | D:3      | Found an opulent altar of Gozag.
  3180 | D:2      | Killed Robin
  3703 | D:3      | Reached XP level 6. HP: 31/42 MP: 6/6
  4019 | D:3      | Noticed Ijyb
  4085 | D:3      | Killed Ijyb
  4804 | D:3      | Killed Sigmund
  4804 | D:3      | Reached skill level 8 in Slings
  4804 | D:3      | Reached XP level 7. HP: 18/48 MP: 7/7
  5783 | D:4      | Reached skill level 5 in Short Blades
  5860 | D:4      | Found a runed translucent gate.
  5862 | D:4      | Found a runed translucent gate.
  5974 | D:4      | Reached skill level 9 in Slings
  6299 | D:4      | Reached XP level 8. HP: 49/54 MP: 8/8
  6824 | D:4      | Found a runed translucent gate.
  6832 | D:4      | Noticed MinDuChiJDG's ghost (novice MiBe)
  6890 | D:4      | Reached skill level 5 in Fighting
  7216 | D:5      | Entered Level 5 of the Dungeon
  7589 | D:5      | Reached skill level 10 in Slings
  7817 | D:5      | Found Tamuat's Antique Weapon Shoppe.
  7863 | D:5      | Reached XP level 9. HP: 62/62 MP: 9/9
  8231 | D:6      | Found an ornate altar of the Wu Jian Council.
  8468 | D:6      | Reached skill level 11 in Slings
  8597 | D:6      | Found a staircase to the Ecumenical Temple.
  8602 | Temple   | Entered the Ecumenical Temple
  8721 | Temple   | Became a worshipper of Warmaster Okawaru
  8744 | D:6      | Found a shimmering blue altar of Sif Muna.
  8805 | D:6      | Noticed Menkaure
  8811 | D:6      | Killed Menkaure
  8868 | D:6      | Found a bloodstained altar of Trog.
  9020 | D:6      | Got a jewelled short sword
  9057 | D:6      | Identified the cursed +3 short sword of the Land of Plenty
                  | {venom, MP+9} (You found it on level 6 of the Dungeon)
  9129 | D:6      | Found a shattered altar of Ashenzari.
  9136 | D:6      | Found a hazy altar of Hepliaklqana.
  9269 | D:7      | Found a sand-covered staircase.
  9273 | Ossuary  | Entered an ossuary
  9569 | D:7      | Found a white marble altar of Elyvilon.
  9680 | D:7      | Noticed a two-headed ogre
  9729 | D:7      | Reached skill level 1 in Armour
  9748 | D:7      | HP: 1/63 [two-headed ogre/cursed -1 giant spiked club (23)]
  9757 | D:7      | Killed a two-headed ogre
  9757 | D:7      | Reached * piety under Okawaru
  9757 | D:7      | Reached XP level 10. HP: 3/71 MP: 10/10
 10619 | D:7      | Found a shadowy altar of Dithmenos.
 11036 | D:8      | Found a shimmering altar of Xom.
 11437 | D:8      | Reached ** piety under Okawaru
 12052 | D:9      | Reached skill level 5 in Dodging
 12243 | D:9      | Found Zin's Purification Station.
 12248 | D:9      | Found a glowing silver altar of Zin.
 12351 | D:9      | Found a burning altar of Makhleb.
 12918 | D:10     | Entered Level 10 of the Dungeon
 12925 | D:10     | Reached skill level 10 in Short Blades
 12926 | D:10     | Noticed Josephine
 13151 | D:9      | Killed Josephine
 13151 | D:9      | Reached *** piety under Okawaru
 13151 | D:9      | Reached skill level 5 in Armour
 13151 | D:9      | Reached XP level 11. HP: 47/77 MP: 11/11
 13273 | D:9      | HP: 3/77 [wraith[Josephine] (12)]
 13885 | D:10     | Found Osasow's General Store.
 14104 | D:10     | Found a staircase to the Orcish Mines.
 14130 | D:10     | Received a gift from Okawaru
 14530 | D:10     | Found a staircase to the Lair.
 14748 | D:11     | Noticed a cyclops
 14754 | D:11     | Killed a cyclops
 14817 | D:11     | Noticed a manticore
 14825 | D:11     | Killed a manticore
 14825 | D:11     | Reached **** piety under Okawaru
 14984 | D:11     | Received a gift from Okawaru
 15432 | Lair:1   | Entered Level 1 of the Lair of Beasts
 16681 | Lair:1   | Received a gift from Okawaru
 16826 | Lair:1   | Reached XP level 12. HP: 66/85 MP: 12/12
 17413 | Lair:2   | Noticed Sonja
 17678 | Lair:2   | Killed Sonja
 17678 | Lair:2   | Received a gift from Okawaru
 18292 | Lair:2   | Noticed a six-headed hydra
 18299 | Lair:2   | Reached ***** piety under Okawaru
 18311 | Lair:2   | Killed a six-headed hydra
 19386 | Lair:3   | Noticed a six-headed hydra
 19400 | Lair:3   | Killed a six-headed hydra
 19695 | Lair:3   | Found a hole to the Spider Nest.
 20223 | Lair:4   | Noticed a death yak
 20223 | Lair:4   | Noticed a death yak
 20223 | Lair:4   | Noticed a death yak
 20225 | Lair:4   | Noticed a death yak
 20248 | Lair:3   | Killed a death yak
 20253 | Lair:3   | Received a gift from Okawaru
 20560 | Lair:3   | HP: 1/87 [death yak (18)]
 20566 | Lair:3   | Killed a death yak
 20566 | Lair:3   | Reached skill level 10 in Fighting
 20901 | Lair:3   | Killed a death yak
 20901 | Lair:3   | Received a gift from Okawaru
 21551 | Lair:4   | Received a gift from Okawaru
 21641 | Lair:3   | Reached XP level 13. HP: 39/92 MP: 13/13
 22061 | Lair:4   | Received a gift from Okawaru
 22336 | Lair:4   | Reached skill level 10 in Dodging
 22470 | Lair:3   | Reached skill level 1 in Invocations
 22865 | Lair:4   | Found a staircase to the Shoals.
 23226 | Lair:4   | Reached skill level 10 in Armour
 23248 | Lair:4   | Reached skill level 1 in Shields
 23527 | Lair:3   | Received a gift from Okawaru
 23540 | Lair:3   | Got a polished scale mail {god gift}
 23954 | Lair:3   | Identified the +0 scale mail of Truth {rF+} (Okawaru gifted
                  | it to you on level 3 of the Lair of Beasts)
 24869 | Lair:4   | Reached skill level 12 in Slings
 25573 | Lair:5   | Noticed an eight-headed hydra
 25592 | Lair:5   | Killed an eight-headed hydra
 26235 | Lair:5   | Reached XP level 14. HP: 77/99 MP: 16/17
 26758 | Lair:6   | Entered Level 6 of the Lair of Beasts
 27655 | Lair:6   | Reached skill level 5 in Invocations
 27976 | Lair:6   | Reached skill level 13 in Slings
 28087 | Lair:6   | Reached skill level 5 in Shields
 28136 | Lair:5   | Received a gift from Okawaru
 28768 | Lair:6   | Found a staircase to the Slime Pits.
 29109 | Lair:6   | Received a gift from Okawaru
 29112 | Lair:6   | Got a bronze chain mail {god gift}
 29134 | Lair:6   | Identified the +4 chain mail of Esoisyqa {Regen+ Slay+3}
                  | (Okawaru gifted it to you on level 6 of the Lair of Beasts)
 29944 | Orc:1    | Entered Level 1 of the Orcish Mines
 30248 | Orc:2    | Entered Level 2 of the Orcish Mines
 30248 | Orc:2    | Noticed Urug
 30505 | Orc:2    | Killed Urug
 30682 | Orc:1    | Reached XP level 15. HP: 70/105 MP: 20/20
 30751 | Orc:1    | Reached skill level 14 in Slings
 30815 | Orc:1    | Received a gift from Okawaru
 31230 | Orc:1    | Reached ****** piety under Okawaru
 31322 | Orc:1    | Received a gift from Okawaru
 31372 | Orc:1    | Reached skill level 15 in Short Blades
 31795 | Orc:2    | Found Intyent's Book Boutique.
 31797 | Orc:2    | Found Wacyimon's General Store.
 31811 | Orc:2    | Found Jarchecse's Weapon Shop.
 31812 | Orc:2    | Found Qielik's Food Shop.
 32015 | Orc:2    | Found a staircase to the Elven Halls.
 32683 | Orc:1    | Found Meun Liduk's General Store.
 33330 | D:12     | You fall into a shaft and drop 1 floor!
 33360 | D:13     | Found a glowing golden altar of the Shining One.
 33650 | D:12     | Got a faintly glowing helmet
 33661 | D:12     | Identified the +2 helmet of the Blessed Realm {rElec Regen+
                  | Str-5 Slay-3 Stlth+} (You found it on level 12 of the
                  | Dungeon)
 33787 | D:13     | Found a gate to the Vaults.
 34228 | D:13     | Received a gift from Okawaru
 34236 | D:13     | Reached skill level 15 in Slings
 34374 | D:12     | Found a transporter.
 34409 | D:12     | Found a transporter.
 34409 | D:12     | Noticed Azrael
 35061 | D:5      | Bought a brightly glowing scimitar for 243 gold pieces
 35177 | D:10     | Bought a +0 fustibalus for 195 gold pieces
 35177 | D:10     | Bought 27 sling bullets for 175 gold pieces
 35178 | D:10     | Identified the +7 scimitar of Innocence {freeze, *Corrode
                  | rPois rC+} (You bought it in a shop on level 5 of the
                  | Dungeon)
 36049 | D:14     | Reached XP level 16. HP: 83/111 MP: 22/22
 36781 | D:15     | Entered Level 15 of the Dungeon
 36877 | D:15     | Paralysed by an orc sorcerer for 3 turns
 37072 | D:15     | Received a gift from Okawaru
 37280 | D:15     | Found a sparkling altar of Nemelex Xobeh.
 37583 | D:15     | Received a gift from Okawaru
 37598 | D:15     | Reached skill level 16 in Slings
 37769 | D:15     | Found a staircase to the Depths.
 37905 | D:15     | Reached skill level 10 in Invocations
 38003 | D:15     | Received a gift from Okawaru
 38323 | D:15     | Identified the +0 scale mail of Springtime {Str+7} (Okawaru
                  | gifted it to you on level 15 of the Dungeon)
 38607 | D:4      | Killed MinDuChiJDG's ghost
 38965 | D:12     | Reached skill level 10 in Shields
 39038 | D:12     | Killed Azrael
 39101 | D:12     | Got a glittering copper ring
 39102 | D:12     | Identified the ring of the Philosopher {MR- EV+2 Int+7
                  | SInv} (You found it on level 12 of the Dungeon)
 39256 | Spider:1 | Entered Level 1 of the Spider Nest
 39549 | Spider:1 | Reached XP level 17. HP: 74/116 MP: 24/24
 39697 | Spider:1 | Reached skill level 17 in Slings
 40194 | Spider:1 | Noticed Agnes
 40213 | Spider:1 | Killed Agnes
 40279 | Spider:1 | Found a large runed translucent door.
 40281 | Spider:1 | Found a large runed translucent door.
 40302 | Spider:1 | Noticed Papr's ghost (journeyman DDNe)
 40823 | Spider:1 | Noticed Donald
 40851 | Spider:1 | Mangled by Donald

Levels and vault maps discovered:
D:1:      saegor_arrival_simple_b, layout_rooms
D:2:      minmay_general_purpose_star, layout_basic, overflow_temple_1_default,
          fedhas_altar_1
D:3:      layout_basic, lemuel_doored_altar, first_ration,
          minmay_misc_feat_roman, uniq_sigmund, uniq_robin, uniq_ijyb
D:4:      wander_river, layout_gridville, gammafunk_ghost_necromancy,
          kennysheep_generic_room_8
D:5:      layout_rooms, serial_shops, shop
D:6:      layout_rooms, led_sif_pool, old_standard_altar, kennysheep_mini,
          amethyst_overflow_temple_binary, temple_statues, uniq_menkaure
D:7:      layout_basic, old_standard_altar, enter_ossuary_3, st_stairs_3,
          nicolae_dithmenos_the_darkroom
D:8:      kennysheep_spiral_hall, layout_basic, overflow_temple_1_default
D:9:      layout_irregular_city, makhleb_grotto_becter, zin_purify,
          hangedman_little_slice_of_home
D:10:     layout_cave_pools, grunt_lair_entry_orc_guard_hut, orc_0_dummy,
          serial_shops, nicolae_shop_window_shopping, uniq_josephine
D:11:     layout_basic
D:12:     gammafunk_the_bubble [the_bubble_gammafunk_crates], layout_loops_ring,
          uniq_azrael
D:13:     layout_roguey, david_vaults_2, basic_altar
D:14:     layout_basic, kennysheep_cross_room, serial_glass, glass_columns_b,
          glass_columns_a, statue_in_the_mist_lemuel
D:15:     gammafunk_enter_depths_forms, layout_basic, minivault_25, basic_altar,
          einodemon_barbed_minivault
Temple:   minmay_temple_curvy_loop
Lair:1:   layout_chaotic_city, roderic_batcave, grunt_megastairs_5
Lair:2:   layout_cave_pods, grunt_megastairs_2, uniq_sonja
Lair:3:   layout_regular_city, dummy_spider_entry
Lair:4:   beast_lair_carwin_large_3, layout_regular_city,
          minmay_shoals_entry_lonely_mermaid, portal_ice_cave_demonic_guard,
          grunt_megastairs_3, minmay_lair_oklob_chamber
Lair:5:   layout_concentric_octagons, chequers_serial_rivers_small_3
Lair:6:   grunt_lair_end_beastmaster, layout_gridlike,
          minmay_slime_entry_oklob_enclosed
Spider:1: layout_spider_delve, ebering_ghost_disaster_area, uniq_agnes,
          uniq_donald
Orc:1:    layout_caves, serial_shops, shop
Orc:2:    st_orc_open, layout_caves, uniq_urug

Skill      XL: |  1  2  3  4  5  6  7  8  9 10 11 12 13 14 15 16 17 |
---------------+----------------------------------------------------+-----
Fighting       | 2 3 4 5 7 8 9 10 | 10.8
Slings         | 6 7 8 9 10 11 12 13 15 16 17 | 17.2
Short Blades   | 1 2 3 4 5 7 9 10 11 12 13 14 15 16 | 16.0
Armour         | 2 5 7 9 10 11 13 | 13.4
Dodging        | 3 6 7 9 10 | 10.7
Invocations    | 4 7 8 10 | 10.0
Shields        | 3 6 8 10 | 10.2
Stealth        | |  1.1

Action                   |  1- 3 |  4- 6 |  7- 9 | 10-12 | 13-15 | 16-18 || total
-------------------------+-------+-------+-------+-------+-------+-------++-------
Melee: Short sword       |   163 |   395 |   431 |  1027 |  2131 |    72 ||  4219
       Rapier            |       |       |    28 |    20 |    60 |       ||   108
       Punch             |       |       |       |     6 |     2 |       ||     8
       Scimitar          |       |       |       |       |    59 |   606 ||   665
 Fire: Hunting sling     |       |    24 |   160 |    33 |    93 |       ||   310
       Fustibalus        |       |       |       |       |       |    82 ||    82
Invok: Heroism           |       |       |       |     6 |    14 |     2 ||    22
       Finesse           |       |       |       |       |       |     1 ||     1
Evoke: Wand              |       |       |       |     6 |       |       ||     6
  Use: Potion            |     1 |     1 |     1 |     8 |     1 |     4 ||    16
       Scroll            |       |     5 |    12 |    13 |     5 |     3 ||    38
 Stab: Distracted        |       |       |       |     4 |       |       ||     4
       Sleeping          |       |       |       |     3 |     3 |       ||     6
       Held in net/web   |       |       |       |       |       |     5 ||     5
  Eat: Chunk             |     2 |    11 |    12 |    18 |    33 |     6 ||    82
       Ration            |       |       |     1 |     6 |     4 |     3 ||    14
Armor: Leather armour    |    18 |       |       |       |       |       ||    18
       Ring mail         |    40 |    61 |       |       |       |       ||   101
       Scale mail        |       |    85 |   131 |    62 |       |       ||   278
       Steam dragon scal |       |       |       |   112 |    88 |       ||   200
       Chain mail        |       |       |       |       |   279 |   345 ||   624
Dodge: Dodged            |   127 |   288 |   306 |   766 |  1334 |   573 ||  3394
Block: Buckler           |       |       |       |       |   528 |   301 ||   829
       Rpst.: Scimitar   |       |       |       |       |     8 |   113 ||   121

Table legend:
 A = Non-vault XP
 B = Vault XP
 C = Vault XP percentage of total XP
 D = Non-vault monster count
 E = Vault monster count
 F = Vault count percentage of total count
                 A         B        C        D         E       F
            +---------+---------+-------+---------+---------+-------
      Total |  115155 |   52347 |  31.3 |     638 |     185 |  22.5
            +---------+---------+-------+---------+---------+-------
        D:1 |      38 |       0 |   0.0 |      20 |       0 |   0.0
        D:2 |     100 |      33 |  24.8 |      28 |      10 |  26.3
        D:3 |     184 |     289 |  61.1 |      34 |      10 |  22.7
        D:4 |     727 |     480 |  39.8 |      18 |       5 |  21.7
        D:5 |     668 |       0 |   0.0 |      18 |       0 |   0.0
        D:6 |     927 |     172 |  15.7 |      20 |       1 |   4.8
        D:7 |    1671 |       3 |   0.2 |      21 |       1 |   4.5
        D:8 |     800 |     244 |  23.4 |      20 |       2 |   9.1
        D:9 |     914 |    1928 |  67.8 |      21 |      13 |  38.2
       D:10 |    2446 |     638 |  20.7 |      38 |       6 |  13.6
       D:11 |    4333 |       0 |   0.0 |      15 |       0 |   0.0
       D:12 |    4730 |    4482 |  48.7 |      30 |      16 |  34.8
       D:13 |    5559 |    1696 |  23.4 |      23 |       3 |  11.5
       D:14 |   10061 |       0 |   0.0 |      31 |       0 |   0.0
       D:15 |   16001 |    7214 |  31.1 |      44 |      20 |  31.2
     Lair:1 |    2415 |     946 |  28.1 |      14 |       8 |  36.4
     Lair:2 |    4325 |    1643 |  27.5 |      17 |       2 |  10.5
     Lair:3 |    6018 |    2006 |  25.0 |      12 |       6 |  33.3
     Lair:4 |    8769 |    3396 |  27.9 |      22 |       8 |  26.7
     Lair:5 |    7131 |       0 |   0.0 |      30 |       0 |   0.0
     Lair:6 |    7381 |   10042 |  57.6 |      26 |      21 |  44.7
   Spider:1 |   19773 |    1544 |   7.2 |      51 |       1 |   1.9
      Orc:1 |    5174 |   10828 |  67.7 |      48 |      26 |  35.1
      Orc:2 |    5010 |    4612 |  47.9 |      37 |      10 |  21.3
    Ossuary |       0 |     151 | 100.0 |       0 |      16 | 100.0
            +---------+---------+-------+---------+---------+-------
